 Dungeon Crawl Stone Soup version 0.29-a0-284-gf9362112df (webtiles) character file.

Game seed: 7239514670702629481

19 rabbitsville the Chiller (level 2, -7/19 HPs)
             Began as a Merfolk Ice Elementalist on Mar 27, 2022.
             Mangled by a black bear (12 damage)
             ... created by the rage of Trog
             ... on level 1 of the Dungeon.
             The game lasted 00:04:02 (463 turns).

rabbitsville the Chiller (Merfolk Ice Elementalist)  Turns: 463, Time: 00:04:02

Health: -7/19      AC:  3    Str:  8    XL:     2   Next: 75%
Magic:  3/5        EV: 12    Int: 14    God:
Gold:   23         SH:  0    Dex: 14    Spells: 4/5 levels left

rFire   . . .      SeeInvis .   i - +0 hand axe
rCold   . . .      Faith    .   (no shield)
rNeg    . . .      Spirit   .   a - +0 robe
rPois   +          Reflect  .   d - +1 hat
rElec   .          Harm     .   (no cloak)
rCorr   .          Rampage  .   (no gloves)
Will    .....                   (no boots)
Stlth   ++........              (no amulet)
HPRegen 0.06/turn               g - ring of poison resistance
MPRegen 0.09/turn               h - ring of poison resistance

@: very slightly contaminated
A: (nimble swimmer 2), mertail
a: no special abilities


You were on level 1 of the Dungeon.
You visited 1 branch of the dungeon, and saw 1 of its levels.

You collected 23 gold pieces.

Inventory:

Hand Weapons
 f - a +0 hunting sling
 i - a +0 hand axe (weapon)
Armour
 a - a +0 robe (worn)
 d - a +1 hat (worn)
Jewellery
 g - a ring of poison resistance (left hand)
 h - a ring of poison resistance (right hand)
Potions
 b - a potion of magic
 c - a potion of lignification {unknown}
 e - a potion of curing {unknown}


   Skills:
 - Level 2.6 Dodging
 - Level 2.1 Stealth
 + Level 2.3 Spellcasting
 * Level 5.0 Ice Magic


You had 4 spell levels left.
You knew the following spells:

 Your Spells              Type           Power      Damage    Failure   Level
a - Freeze                Ice            60%        1d8       3%          1

Your spell library contained the following spells:

 Spells                   Type           Power      Damage    Failure   Level
 Frozen Ramparts          Ice            30%        1d5       9%          3
 Ozocubu's Armour         Ice            15%        N/A       9%          3
 Hailstorm                Conj/Ice       8%         3d4       63%         4


Dungeon Overview and Level Annotations

Branches:
Dungeon (1/15)

Altars:
Trog


Innate Abilities, Weirdness & Mutations

((You are very nimble when in or above water. (Stealth+, EV+, Speed+++)))
Your lower body shifts to a powerful aquatic tail in water.


Message History

The jackal attacks as you move away!
The jackal bites you but does no damage.
The jackal completely misses you.
You see here a hobgoblin corpse.
Aiming: Freeze (safe; 3% risk of failure)
Press: ? - help, Q - select action, (/) - cycle Shift-Dir - straight line, f/p - jackal
Aim: a jackal You freeze the jackal.
You kill the jackal!
Your Ice Magic skill increases to level 5!
Fire: f) +0 hunting sling
Press: ? - help, Q - select action, (/) - cycle Shift-Dir - straight line, f - jackal
Aim: a jackal (45% to hit)
You shoot a sling bullet. The sling bullet hits the jackal.
You kill the jackal!
You start resting.
Trog sends monsters to punish you.
A polar bear and 2 black bears come into view.
Unknown command.
You aren't carrying any scrolls.
You aren't carrying any scrolls.
i - a +0 hand axe (weapon)
You hit the black bear.
The black bear is lightly wounded.
You hit the black bear. The black bear barely misses you.
The black bear claws you. x2; The black bear misses you.
The black bear claws you but does no damage.
The black bear completely misses you.
No other quiver actions available for cycling.
Aiming: Freeze (safe; 3% risk of failure)
Press: ? - help, Q - select action Shift-Dir - straight line, f - black bear
Aim: a black bear (lightly wounded, durably summoned, berserk)
You miscast Freeze.
You are very lightly contaminated with residual magic.
Nothing appears to happen.
The black bear closely misses you. The black bear claws you. x2
* * * LOW HITPOINT WARNING * * *
The black bear bites you!
Ouch! That really hurt!
You die...

.....#####........#....######.###
...........#..................#
##..##...#.^..#####............
.....###...[...^8^.............
...#...#......#####.............
####.#...###### #..#......... ##
#......##### #............B .#
#....#.....#######..?....h
.###...##.....hh@h....#.h...#
.....#>.....#.######### #).).
..####.####......###### ... ..#
...# ######......#### # ..##.###
#..###....## ..## ##.######..#
... #.......#.####### ..#
#######.....>.... .## ####.......


You could see a polar bear (berserk) and 2 black bears.

Vanquished Creatures
  A dart slug (D:1)
  A ball python (D:1)
  A bat (D:1)
  2 endoplasms (D:1)
  A giant cockroach (D:1)
  A goblin (D:1)
  2 hobgoblins (D:1)
  2 jackals (D:1)
  A frilled lizard (D:1)
  A kobold (D:1)
  2 rats (D:1)
15 creatures vanquished.

Notes
Turn   | Place    | Note
-------+----------+-------------------------------------------
     0 | D:1      | rabbitsville the Merfolk Ice Elementalist began the quest
                  | for the Orb.
     0 | D:1      | Reached XP level 1. HP: 13/13 MP: 3/3
     6 | D:1      | Found a faded altar of an unknown god.
    15 | D:1      | Prayed at the altar of an unknown god.
    15 | D:1      | Became a worshipper of Trog the Wrathful
    15 | D:1      | Reached * piety under Trog
    16 | D:1      | Fell from the grace of Trog
   203 | D:1      | Reached XP level 2. HP: 19/19 MP: 5/5
   459 | D:1      | Reached skill level 5 in Ice Magic
   461 | D:1      | Noticed a black bear
   461 | D:1      | Noticed a polar bear
   461 | D:1      | Noticed a black bear
   463 | D:1      | Mangled by a black bear

Illustrated notes

Levels and vault maps discovered:
D:1:      wander_arrival_desolate, layout_rooms,
          shapermc_ecumenical_altar_mp_highgroup, ebering_dispersal_statue_hall,
          minivault_5

Skill      XL: |  1  2 |
---------------+-------+-----
Ice Magic      | 5 |  5.0
Dodging        | |  2.6
Stealth        | |  2.1
Spellcasting   | |  2.3

Action                   || total
-------------------------++-------
Melee: Hand axe          ||     1
 Fire: Hunting sling     ||    26
 Cast: Freeze            ||     8
Invok: Renounce Religion ||     1
Armor: Robe              ||     4
Dodge: Dodged            ||     9

Table legend: (Time is in decaauts)
 A = Elapsed time spent in this place.
 B = Non-inter-level travel time spent in this place.
 C = Inter-level travel time spent in this place.
 D = Time resting spent in this place.
 E = Time spent auto-exploring this place.
 F = Levels seen in this place.
 G = Mean time per level.
                   A        B        C        D        E       F      G
               +--------+--------+--------+--------+--------+-----+--------+
         Total |    474 |    474 |      0 |    154 |     39 |   1 |  474.0 |
       Dungeon |    474 |    474 |      0 |    154 |     39 |   1 |  474.0 |
               +--------+--------+--------+--------+--------+-----+--------+

Top non-repeatable levels by time:
     D:1: 474 daAuts
